 Dungeon Crawl Stone Soup version 0.30.1-11-g7821555f0a (webtiles) character file.

Game seed: 2249137955803994115

4118 Cheops the Spear-Bearer (level 10, -1/67 HPs)
             Began as a Demonspawn Gladiator on Nov 27, 2023.
             Was an Initiate of Makhleb.
             Slain by Erica
             ... wielding a +4 scimitar of flaming
              (13 damage)
             ... on level 9 of the Dungeon.
             The game lasted 00:18:35 (12064 turns).

Cheops the Spear-Bearer (Demonspawn Gladiator)     Turns: 12064, Time: 00:18:36

Health: -1/67      AC: 12    Str: 18    XL:     10   Next: 6%
Magic:  10/10      EV:  8    Int: 10    God:    Makhleb [......]
Gold:   352        SH:  5    Dex: 15    Spells: 9/9 levels left

rFire   . . .        a - +1 trident (vamp)
rCold   . . .        (no shield)
rNeg    + . .        o - +0 chain mail
rPois   .            c - +0 helmet
rElec   .            I - +0 cloak
rCorr   .            (no gloves)
SInv    .            y - +0 pair of boots
Will    .....        n - amulet of the Robin {Reflect rN+ Slay+5 SH+5} Stlth
                     h - ring of flight
HPRegen 0.31/turn    j - ring of wizardry
MPRegen 0.12/turn

%: reflection, wizardry (x1)
@: mighty, lethally poisoned (-1 -> -3), flying, slowed, very slow
A: claws 1, icemail 1, sharp scales 1, condensation shield
a: Renounce Religion


You were on level 9 of the Dungeon.
You worshipped Makhleb.
Makhleb was noncommittal.
You visited 2 branches of the dungeon, and saw 10 of its levels.

You collected 352 gold pieces.

Inventory:

Hand Weapons
 a - a +1 vampiric trident (weapon)
 f - a +0 trident
 p - a +0 scythe
Missiles
 d - 3 throwing nets (quivered)
 e - 7 javelins
Armour
 b - a +0 leather armour
 c - a +0 helmet (worn)
 o - a +0 chain mail (worn)
 y - a +0 pair of boots (worn)
 I - a +0 cloak (worn)
Jewellery
 h - a ring of flight (left claw)
 j - a ring of wizardry (right claw)
 n - the amulet of the Robin (around neck) {Reflect rN+ Slay+5 SH+5}
   (You found it on level 2 of the Dungeon)

   [amulet of reflection]

   It reflects blocked missile attacks.
   Slay:      It affects your accuracy & damage with ranged weapons and melee
   (+5).
   rN:        It protects you from negative energy.
   SH:        It affects your SH (+5).
 r - a ring of resist corrosion
 s - a ring of protection from cold
Wands
 F - a wand of mindburst (23)
 K - a wand of digging (5)
Scrolls
 i - 2 scrolls of fog
 k - 3 scrolls of vulnerability
 m - a scroll of enchant armour
 q - a scroll of summoning
 w - 3 scrolls of fear
 x - 4 scrolls of teleportation
 E - 2 scrolls of poison
 G - a scroll of enchant weapon
 L - a scroll of magic mapping
Potions
 g - 3 potions of might
 l - 2 potions of mutation {unknown}
 t - a potion of berserk rage {unknown}
 u - 2 potions of curing {unknown}
 v - a potion of flight {unknown}
 z - a potion of ambrosia
 A - a potion of lignification
 B - a potion of haste
 D - a potion of magic {unknown}
 H - a potion of resistance
 J - 2 potions of degeneration {unknown}


   Skills:
 - Level 2.1 Fighting
 + Level 13.4 Polearms
 - Level 2.0 Throwing
 - Level 2.8 Dodging


You had 9 spell levels left.
You didn't know any spells.
Your spell library contained the following spells:

 Spells                   Type           Power      Damage    Failure   Level
 Beastly Appendage        Tmut           0%         N/A       82%         1
 Summon Small Mammal      Summ           0%         N/A       82%         1
 Wereblood                Tmut           0%         N/A       91%         2
 Call Canine Familiar     Summ           0%         N/A       99%         3
 Spider Form              Tmut/Pois      0%         N/A       99%         3
 Summon Guardian Golem    Hex/Summ       0%         N/A       99%         3
 Volatile Blastmotes      Fire/Tloc      0%         2d10      99%         3
 Metabolic Englaciation   Hex/Ice        0%         N/A       100%        5
 Borgnjor's Revivificati  Necr           0%         N/A       100%        8
 Discord                  Hex            0%         N/A       100%        8
 Necromutation            Tmut/Necr      0%         N/A       100%        8
 Death's Door             Necr           0%         N/A       100%        9


Dungeon Overview and Level Annotations

Branches:
Dungeon (9/15)             Temple (1/1) D:7
   Lair: D:8-11         Orc: D:9-12

Altars:
Ashenzari
Cheibriados
Dithmenos
Fedhas
Gozag
Hepliaklqana
Kikubaaqudgha
Makhleb
Nemelex Xobeh
Okawaru
Qazlal
Ru
Sif Muna
Trog
Uskayaw
Wu Jian
Xom
Yredelemnul

Shops:
D:6 [   D:9 (

Annotations:
D:4 3 runed translucent doors, FakeRyeBread's ghost, novice DjCj
D:9 Erica


Innate Abilities, Weirdness & Mutations

You have sharp fingernails.
A meltable icy envelope protects you from harm. (AC +0)
You are partially covered in razor-sharp scales. (AC +1, Slay +1)
A meltable shield of frost defends you. (SH +0)


Message History

You barely miss something. You hit something.
You feel better.
You hear some strange, mumbled words.
Something tries to affect you, but you resist.
You puncture something!
You feel better. Something hits you!
Your icy defences dissipate!
Something burns you.
* * * LOW HITPOINT WARNING * * *
You closely miss something. You barely miss something.
You hear some strange, mumbled words.
You feel yourself slow down.
You closely miss something.
You hear some strange, mumbled words.
A bolt of poison appears from out of thin air!
The bolt of poison hits you!
You are poisoned.
* * * LOW HITPOINT WARNING * * *
You closely miss something.
You feel very sick.
You hear some strange, mumbled words.
You feel as though you will be slow longer.
You puncture something!
You feel very sick.
You hear some strange, mumbled words.
Something tries to affect you, but you resist.
You completely miss something.
You feel sick. You block something's attack.
You barely miss something.
You feel sick. Something hits you.
* * * LOW HITPOINT WARNING * * *
Something burns you.
* * * LOW HITPOINT WARNING * * *
You impale something!!
You feel sick. Something hits you but does no damage.
It was a potion of might.
You feel very mighty all of a sudden.
You feel sick.
You hear some strange, mumbled words.
You feel as though you will be slow longer.
Okay, then.
You puncture something!
You feel better.
You feel sick. Something hits you!
You die...

#................≈
#.../.###~≈S≈~≈S.~
#.....# #≈≈≈≈≈≈~.~
#.....# #.....#
#..§§§# #..§§.#
#..§§{# #..§.@#
#######


There were no monsters in sight!

Vanquished Creatures
  Pikel (D:4)
  Sigmund (D:2)
  2 wyverns
  A steam dragon (D:7)
  A water moccasin (D:8)
  4 black bears
  3 ice beasts
  A sky beast (D:7)
  3 ogres
  A centaur (D:7)
  3 phantoms
  3 kobold brigands
  5 bullfrogs
  6 scorpions
  3 wights (D:7)
  An electric eel (D:9)
  A jelly (D:4)
  4 hounds
  Natasha (thrice) (D:2)
  A sleepcap (D:4)
  3 iguanas
  4 orc wizards
  10 adders
  2 shadow imps
  2 ufetubi
  4 worms
  2 dart slugs
  22 orcs
  4 ball pythons
  3 bats
  6 endoplasms
  2 giant cockroaches
  3 goblins (D:2)
  6 hobgoblins
  2 jackals (D:1)
  20 kobolds
  4 quokkas
  6 frilled lizards
  3 rats
156 creatures vanquished.

Vanquished Creatures (others)
  A kobold (D:8)
1 creature vanquished.

Grand Total: 157 creatures vanquished

Notes
Turn   | Place    | Note
-------+----------+-------------------------------------------
     0 | D:1      | Cheops the Demonspawn Gladiator began the quest for the
                  | Orb.
     0 | D:1      | Reached XP level 1. HP: 16/16 MP: 1/1
   219 | D:1      | Found a faded altar of an unknown god.
   233 | D:1      | Gained mutation: A meltable shield of frost defends you.
                  | (SH +0) [demonic ancestry]
   233 | D:1      | Reached XP level 2. HP: 22/22 MP: 2/2
   309 | D:1      | Reached skill level 3 in Polearms
   954 | D:2      | Identified the amulet of the Robin {Reflect rN+ Slay+5
                  | SH+5}
   962 | D:2      | Reached XP level 3. HP: 27/27 MP: 3/3
  1037 | D:2      | Noticed Sigmund
  1048 | D:2      | Killed Sigmund
  1049 | D:2      | Reached skill level 5 in Polearms
  1049 | D:2      | Reached XP level 4. HP: 23/33 MP: 4/4
  1049 | D:2      | Gained mutation: You have sharp fingernails. [demonic
                  | ancestry]
  1049 | D:2      | Reached XP level 5. HP: 27/38 MP: 5/5
  1268 | D:2      | Noticed Natasha
  1274 | D:2      | Killed Natasha
  1337 | D:2      | Noticed Natasha
  1343 | D:2      | Killed Natasha
  1344 | D:2      | Reached skill level 6 in Polearms
  1344 | D:2      | Reached XP level 6. HP: 38/44 MP: 6/6
  1434 | D:2      | Noticed Natasha
  1438 | D:2      | Killed Natasha
  1989 | D:1      | Found a faded altar of an unknown god.
  3034 | D:3      | You are sucked into a shaft and drop 1 floor!
  3043 | D:4      | Noticed FakeRyeBread's ghost (novice DjCj)
  3048 | D:4      | Found a runed translucent gate.
  3048 | D:4      | Found a runed translucent gate.
  3048 | D:4      | Found a runed translucent gate.
  3309 | D:3      | Got the Precepts of Alluring Elsewhere
  4437 | D:4      | Reached skill level 7 in Polearms
  4437 | D:4      | Reached XP level 7. HP: 35/50 MP: 7/7
  4559 | D:4      | Noticed Pikel
  4586 | D:4      | Killed Pikel
  4587 | D:4      | Reached skill level 8 in Polearms
  4587 | D:4      | Gained mutation: You are partially covered in razor-sharp
                  | scales. (AC +1, Slay +1) [demonic ancestry]
  4587 | D:4      | Reached XP level 8. HP: 56/56 MP: 8/8
  4610 | D:4      | Reached skill level 9 in Polearms
  5579 | D:5      | Entered Level 5 of the Dungeon
  5890 | D:5      | Reached skill level 10 in Polearms
  6910 | D:6      | Found Uhugritt's Armour Boutique.
  7238 | D:6      | Reached skill level 11 in Polearms
  7238 | D:6      | Gained mutation: A meltable icy envelope protects you from
                  | harm. (AC +0) [demonic ancestry]
  7238 | D:6      | Reached XP level 9. HP: 57/61 MP: 9/9
  8084 | D:6      | Found Uhugritt's Armour Boutique.
  8641 | D:7      | Reached skill level 12 in Polearms
  8703 | D:7      | Found a staircase to the Ecumenical Temple.
  9282 | D:7      | Reached skill level 13 in Polearms
  9602 | D:7      | Found a staircase to the Ecumenical Temple.
 10401 | Temple   | Entered the Ecumenical Temple
 10564 | Temple   | Became a worshipper of Makhleb the Destroyer
 10816 | D:8      | Reached XP level 10. HP: 67/67 MP: 10/10
 11120 | D:8      | Found an ancient bone altar of Kikubaaqudgha.
 11150 | D:9      | Noticed Erica
 11298 | D:8      | Found an ancient bone altar of Kikubaaqudgha.
 11745 | D:9      | Found a hazy altar of Hepliaklqana.
 11746 | D:9      | Found a shimmering altar of Xom.
 11747 | D:9      | Noticed a hell beast
 11781 | D:9      | Found Otoeco's Antique Weapon Shop.
 12064 | D:9      | Slain by Erica

Illustrated notes

Levels and vault maps discovered:
D:1:      dpeg_arrival_renting, layout_basic, dreamdust_ecumenical_altar_grove,
          minmay_bisected
D:2:      layout_loops_cross, uniq_natasha, uniq_sigmund
D:3:      layout_loops_ring, chequers_serial_rivers_marsh,
          chequers_serial_rivers_micro_e
D:4:      layout_loops_ring, gammafunk_ghost_split, uniq_pikel
D:5:      cheibrodos_helix_gallery, layout_gridville,
          mainiacjoe_overflow_alcove_4
D:6:      layout_basic, nicolae_stop_n_shop_1
D:7:      layout_basic, minmay_temple_entry_arrows, eino_tiny_chamber
D:8:      layout_basic, lemuel_coloured_pillars_altar
D:9:      layout_basic, regret_index_temple_of_mockery, serial_shops, shop,
          uniq_erica
Temple:   nicolae_temple_bog_church

Skill      XL: |  1  2  3  4  5  6  7  8  9 |
---------------+----------------------------+-----
Throwing       | 2 |  2.0
Polearms       | 3 5 6 7 8 11 13 | 13.4
Fighting       | |  2.1
Dodging        | |  2.8

Action                     |  1- 3 |  4- 6 |  7- 9 | 10-12 || total
---------------------------+-------+-------+-------+-------++-------
  Melee: Trident           |    73 |   112 |   333 |    37 ||   555
         Punch             |       |     1 |     4 |       ||     5
    Use: Potion            |       |       |     2 |     1 ||     3
         Scroll            |       |       |     9 |     4 ||    13
   Stab: Sleeping          |     2 |       |       |       ||     2
 Armour: Leather armour    |    19 |       |       |       ||    19
         Chain mail        |     2 |    21 |   106 |     6 ||   135
  Dodge: Dodged            |    34 |    20 |    63 |     8 ||   125
  Block: Other             |    11 |    29 |    88 |     7 ||   135
         Reflection        |       |     2 |     3 |       ||     5
